 Dungeon Crawl Stone Soup version 0.22.0-18-ge075c0de6d (webtiles) character file.

69 Jukra the Summoner (level 4, 0/24 HPs)
             Began as a Tengu Summoner on Aug 19, 2018.
             Succumbed to an adder's poison
             ... on level 2 of the Dungeon.
             The game lasted 00:08:27 (1030 turns).

Jukra the Summoner (Tengu Summoner)                 Turns: 1030, Time: 00:08:28

Health: 0/24       AC:  2    Str:  7 (8)  XL:     4   Next: 20%
Magic:  5/13       EV: 16    Int: 16 (17) God:
Gold:   11         SH:  0    Dex: 13 (14) Spells: 12/15 levels left

rFire    . . .     SeeInvis .   e - +0 short sword
rCold    . . .     Gourm    .   (no shield)
rNeg     . . .     Faith    .   b - +0 robe (curse)
rPois    .         Spirit   .   (helmet restricted)
rElec    .         Reflect  .   (no cloak)
rCorr    .         Harm     .   (no gloves)
MR       .....                  (boots unavailable)
Stlth    ++........             (no amulet)
HPRegen  0.08/turn              (no ring)
MPRegen  0.13/turn              (no ring)

@: lethally poisoned (0 -> -3)
A: beak, talons 3
a: no special abilities


You were on level 2 of the Dungeon.
You were full.

You visited 1 branch of the dungeon, and saw 2 of its levels.

You collected 11 gold pieces.

Inventory:

Hand Weapons
 e - a +0 short sword (weapon)
Armour
 a - a +0 robe
 b - a cursed +0 robe (worn)
Jewellery
 f - a +4 ring of dexterity {unknown}
Scrolls
 h - a scroll of identify {unknown}
 i - a scroll of teleportation {unknown}
Comestibles
 c - 2 rations


   Skills:
 * Level 0.8 Fighting
 * Level 0.3 Short Blades
 * Level 7.1 Dodging
 + Level 2.0 Stealth
 + Level 6.0 Spellcasting
 + Level 9.0 Summonings


You had 12 spell levels left.
You knew the following spells:

 Your Spells              Type           Power        Failure   Level  Hunger
a - Summon Small Mammal   Summ           ####         1%          1    None
b - Call Imp              Summ           ####....     1%          2    #......

Your spell library contained the following spells:

 Spells                   Type           Power        Failure   Level  Hunger
 Call Canine Familiar     Summ           ####....     1%          3    ##.....
 Summon Guardian Golem    Hex/Summ       ###.....     6%          3    ##.....
 Summon Ice Beast         Ice/Summ       ###.....     22%         4    ####...
 Summon Lightning Spire   Summ/Air       ###.....     22%         4    ####...


Dungeon Overview and Level Annotations

Branches:
Dungeon (2/15)

Altars:


Innate Abilities, Weirdness & Mutations

You have a beak for a mouth.
You have claws for feet.


Message History

Your memorisation is interrupted.
* * * LOW HITPOINT WARNING * * *
You feel sick.
It was a potion of degeneration.
There was something very wrong with that liquid.
You feel weakened.
You feel dopey.
You feel clumsy.
It was a potion of experience.
You feel more experienced!
Your Dodging skill gained 5 levels and is now at level 7!
Your Spellcasting skill gained 4 levels and is now at level 6!
Your Summonings skill gained 4 levels and is now at level 9!
You have reached level 4!
You feel clever.
Your crimson imp disappears in a puff of smoke!
There is a lethal amount of poison in your body!
There is a lethal amount of poison in your body!
* * * LOW HITPOINT WARNING * * *
You feel sick.
Unknown command.
You die...

#....#####....
+............
#..........#
#........†.#
#..........#
#..........#
#..........# #
#####......#######.#
#.^(....@........# #
#........$.......# #
#...........†^...# #
########.........# #
###....$.........# #
.......>.........# #
#..............########
#..........#.#.........
#......#####.# ########


There were no monsters in sight!

Vanquished Creatures
  An adder (D:2)
  A ball python (D:2)
  A bat (D:2)
  3 goblins
  A rat (D:2)
7 creatures vanquished.

Vanquished Creatures (collateral kills)
  An ooze (D:2)
  3 ball pythons (D:1)
  5 hobgoblins (D:1)
  4 bats
  A kobold (D:1)
  3 rats
17 creatures vanquished.

Grand Total: 24 creatures vanquished

Notes
Turn   | Place    | Note
-------+----------+-------------------------------------------
     0 | D:1      | Jukra the Tengu Summoner began the quest for the Orb.
     0 | D:1      | Reached XP level 1. HP: 10/10 MP: 4/4
     5 | D:1      | Noticed an electric eel
   228 | D:1      | Reached skill level 5 in Summonings
   390 | D:1      | Reached XP level 2. HP: 13/15 MP: 3/6
   533 | D:1      | Learned a level 2 spell: Call Imp
  1010 | D:2      | Reached XP level 3. HP: 6/20 MP: 2/7
  1022 | D:2      | HP: 1/20 [poisoned by an adder]
  1024 | D:2      | Reached skill level 9 in Summonings
  1024 | D:2      | Reached XP level 4. HP: 1/24 MP: 4/13
  1030 | D:2      | Succumbed to an adder's poison

Skill      XL: |  1  2  3 |
---------------+----------+-----
Summonings     | 5 9 |  9.0
Dodging        | 7 |  7.1
Spellcasting   | 6 |  6.0
Fighting       | |  0.8
Short Blades   | |  0.3
Stealth        | |  2.0

Action                   |  1- 3 |  4- 6 || total
-------------------------+-------+-------++-------
Melee: Kick              |     6 |       ||     6
       Unarmed           |     1 |       ||     1
       Short sword       |    23 |       ||    23
       Peck              |     3 |       ||     3
 Cast: Summon Small Mamm |    30 |       ||    30
       Call Imp          |    12 |       ||    12
  Use: Potion            |     2 |       ||     2
 Stab: Sleeping          |     1 |       ||     1
  Eat: Ration            |     2 |       ||     2
Armor: Robe              |    16 |       ||    16
Dodge: Dodged            |    41 |       ||    41
